 Dungeon Crawl Stone Soup version 0.29.1-15-g9cfb28693d (webtiles) character file.

Game seed: 4680894443621672492

694 Peloso the Shield-Bearer (level 7, -1/60 HPs)
             Began as a Minotaur Fighter on Mar 23, 2023.
             Slain by an ogre
             ... wielding a +0 giant club
              (5 damage)
             ... on level 5 of the Dungeon.
             The game lasted 00:06:12 (4449 turns).

Peloso the Shield-Bearer (Minotaur Fighter)         Turns: 4449, Time: 00:06:13

Health: -1/60      AC: 14    Str: 21    XL:     7   Next: 37%
Magic:  6/6        EV:  7    Int:  5    God:
Gold:   297        SH: 13    Dex: 11    Spells: 6/6 levels left

rFire   + . .      SeeInvis .   a - +0 long sword
rCold   . . .      Faith    .   d - +0 tower shield
rNeg    . . .      Spirit   .   b - +2 scale mail {rF+}
rPois   .          Reflect  .   g - +1 hat
rElec   .          Harm     .   (no cloak)
rCorr   .          Rampage  .   (no gloves)
Will    .....                   (no boots)
Stlth   ..........              (no amulet)
HPRegen 0.20/turn               m - +4 ring of protection
MPRegen 0.10/turn               (no ring)

@: no status effects
A: horns 2, retaliatory headbutt
a: no special abilities


You were on level 5 of the Dungeon.
You visited 1 branch of the dungeon, and saw 5 of its levels.

You collected 297 gold pieces.

Inventory:

Hand Weapons
 a - a +0 long sword (weapon)
 c - the +3 woodcutter's axe {vorpal}
   (You took it off a gnoll on level 3 of the Dungeon)

   It inflicts extra damage upon your enemies.
Armour
 b - a +2 scale mail of fire resistance (worn)
 d - a +0 tower shield (worn)
 g - a +1 hat (worn)
Jewellery
 m - a +4 ring of protection (left hand)
 v - a ring of protection from cold
 y - a ring of wizardry
 z - a ring of resist corrosion
Wands
 s - a wand of roots (5)
Scrolls
 e - 2 scrolls of immolation {unknown}
 f - 3 scrolls of fear {unknown}
 i - a scroll of amnesia {unknown}
 k - 4 scrolls of blinking {unknown}
 n - a scroll of butterflies {unknown}
 o - 7 scrolls of teleportation {unknown}
 t - a scroll of torment {unknown}
 u - 3 scrolls of magic mapping {unknown}
 A - a scroll of vulnerability {unknown}
 B - 2 scrolls of enchant weapon {unknown}
 D - 2 scrolls of poison {unknown}
 E - 2 scrolls of identify {unknown}
Potions
 h - a potion of berserk rage
 j - a potion of lignification {unknown}
 l - 3 potions of might
 p - 2 potions of haste {unknown}
 q - a potion of invisibility {unknown}
 r - 3 potions of flight {unknown}
 w - a potion of ambrosia {unknown}
 x - a potion of brilliance {unknown}
 C - a potion of mutation {unknown}
 F - a potion of heal wounds {unknown}


   Skills:
 + Level 4.6 Fighting
 + Level 5.3 Long Blades
 + Level 6.0 Armour
 + Level 2.7 Dodging
 + Level 0.8 Stealth
 + Level 6.2 Shields


You had 6 spell levels left.
You didn't know any spells.
Your spell library contained the following spells:

 Spells                   Type           Power      Damage    Failure   Level
 Beastly Appendage        Tmut           0%         N/A       100%        1
 Magic Dart               Conj           0%         1d3       100%        1
 Searing Ray              Conj           0%         2d4       100%        2
 Wereblood                Tmut           0%         N/A       100%        2
 Confusing Touch          Hex            0%         N/A       100%        3
 Frozen Ramparts          Ice            0%         1d1       100%        3
 Spider Form              Tmut/Pois      0%         N/A       100%        3
 Fulminant Prism          Conj/Hex       0%         3d6       100%        4
 Ice Form                 Ice/Tmut       0%         N/A       100%        4
 Summon Ice Beast         Ice/Summ       0%         N/A       100%        4
 Yara's Violent Unravell  Hex/Tmut       0%         3d3       100%        5
 Enfeeble                 Hex            0%         N/A       100%        7


Dungeon Overview and Level Annotations

Branches:
Dungeon (5/15)
 Temple: D:4-7

Altars:
Hepliaklqana
Xom
The Shining One


Innate Abilities, Weirdness & Mutations

You have a pair of horns on your head.
You reflexively headbutt those who attack you in melee.


Message History

The scorpion is lightly wounded.
You feel very sick. The scorpion stings you.
You barely miss the scorpion. Your headbutt misses the scorpion.
The scorpion is lightly wounded.
You feel sick. You block the scorpion's attack.
The scorpion closely misses you. You furiously retaliate!
You headbutt the scorpion! You hit the scorpion.
The scorpion is severely wounded.
You feel sick.
The scorpion closely misses you. x2; You furiously retaliate!
You headbutt the scorpion. You barely miss the scorpion.
The scorpion is severely wounded.
You feel sick. You block the scorpion's attack. x2
You hit the scorpion. Your headbutt misses the scorpion.
The scorpion is almost dead.
You feel sick. You block the scorpion's attack.
You closely miss the scorpion.
The scorpion is severely wounded.
You feel sick.
You are no longer poisoned.
The scorpion barely misses you. You block the scorpion's attack.
You slash the scorpion!
You kill the scorpion!
Your Armour skill increases to level 6!
You hit the ogre.
You headbutt the ogre, but do no damage.
The ogre is lightly wounded.
The ogre hits you with a +0 giant club!!
Ouch! That really hurt!
* * * LOW HITPOINT WARNING * * *
You barely miss the ogre.
The ogre is lightly wounded.
The ogre hits you with a +0 giant club!
* * * LOW HITPOINT WARNING * * *
You hit the ogre but do no damage. You headbutt the ogre!
The ogre is heavily wounded.
The ogre hits you with a +0 giant club.
You die...

..............#..##.....## #.#
.........#######..#.##### #)#
####'##...)........># #.# #
#.##.############# #.# #
#.##.######## ### ######)# #
#.##.##...... ##.###...##.# #
#.##.##.....5 ##..##'.8.##.#
####.##.##.....O###'##..#...##.#
'....##.# #@..#..#.#...#..#
#######. #...#.###'.8.'.##
....... ###...'##..#...###
########## ......##...#...#
.........# ......#...#+.8.#
########.# #......'..###...#
########.############## #####
...............#
.#######.#.###.#


You could see an ogre and a white imp.

Vanquished Creatures
  An ice beast (D:5)
  An ogre (D:5)
  A phantom (D:4)
  A gnoll sergeant (D:2)
  A scorpion (D:5)
  2 hounds (D:5)
  Terence (D:3)
  An iguana (D:5)
  An orc wizard (D:3)
  5 gnolls
  3 adders
  2 ufetubi (D:5)
  3 worms
  4 dart slugs
  10 orcs
  3 endoplasms
  A giant cockroach (D:1)
  6 goblins
  4 hobgoblins
  4 jackals (D:3)
  3 quokkas
  8 ball pythons
  6 bats
  2 frilled lizards
  4 kobolds
  10 rats
88 creatures vanquished.

Notes
Turn   | Place    | Note
-------+----------+-------------------------------------------
     0 | D:1      | Peloso the Minotaur Fighter began the quest for the Orb.
     0 | D:1      | Reached XP level 1. HP: 19/19 MP: 0/0
   162 | D:1      | Reached XP level 2. HP: 27/27 MP: 1/1
   623 | D:2      | Reached XP level 3. HP: 33/33 MP: 2/2
   754 | D:2      | Found a faded altar of an unknown god.
   957 | D:2      | Reached skill level 1 in Dodging
  1012 | D:2      | Found a shimmering altar of Xom.
  1089 | D:2      | Reached XP level 4. HP: 40/40 MP: 3/3
  1203 | D:2      | Noticed a gnoll sergeant
  1214 | D:3      | Noticed Terence
  1230 | D:3      | Killed Terence
  1662 | D:2      | Reached skill level 5 in Shields
  1698 | D:2      | Killed a gnoll sergeant
  1699 | D:2      | Reached XP level 5. HP: 12/46 MP: 4/4
  2240 | D:3      | Reached skill level 5 in Armour
  2847 | D:4      | Noticed a phantom
  2857 | D:4      | Killed a phantom
  2858 | D:4      | Reached XP level 6. HP: 49/52 MP: 5/5
  3390 | D:5      | Entered Level 5 of the Dungeon
  3626 | D:5      | Found a hazy altar of Hepliaklqana.
  3635 | D:5      | Found a glowing golden altar of the Shining One.
  3694 | D:5      | Noticed an ice beast
  3707 | D:5      | Killed an ice beast
  4203 | D:5      | Reached skill level 5 in Long Blades
  4203 | D:5      | Reached XP level 7. HP: 50/60 MP: 6/6
  4449 | D:5      | Slain by an ogre

Illustrated notes

Levels and vault maps discovered:
D:1:      dpeg_arrival_ratfight, layout_basic, ebering_dispersal_statue_hall
D:2:      kennysheep_six_static_rooms, layout_basic,
          ebering_ecumenical_altar_petrified, basic_altar,
          kennysheep_another_room, pf_guarded_unrand_woodcutter
D:3:      layout_rooms, serial_curves, eino_curves_04, eino_curves_04,
          skrybe_limestone_x, kennysheep_generic_room_15, uniq_terence
D:4:      layout_loops_ring
D:5:      minmay_chambers_of_threes, layout_basic,
          mainiacjoe_overflow_large_starburst

Skill      XL: |  1  2  3  4  5  6  7 |
---------------+----------------------+-----
Fighting       | 4 |  4.6
Armour         | 4 5 6 |  6.0
Shields        | 4 5 6 |  6.2
Dodging        | 1 2 |  2.7
Long Blades    | 3 4 5 |  5.3
Stealth        | |  0.8

Action                   |  1- 3 |  4- 6 |  7- 9 || total
-------------------------+-------+-------+-------++-------
Melee: Long sword        |    74 |   159 |    46 ||   279
       Headbutt          |    12 |    36 |    14 ||    62
Armor: Scale mail        |    40 |    95 |    13 ||   148
Dodge: Dodged            |    41 |    58 |    16 ||   115
Block: Buckler           |    11 |       |       ||    11
       Tower shield      |    16 |   134 |    41 ||   191
